 Dungeon Crawl Stone Soup version 0.30-a0-137-gd8773701ce (webtiles) character file.

Game seed: 4714070167159955024

126 KennySheep the Sneak (level 5, 0/44 HPs)
             Began as a Naga Earth Elementalist on Sept 24, 2022.
             Was a Follower of Dithmenos.
             Slain by an ufetubus (4 damage)
             ... on level 4 of the Dungeon.
             The game lasted 00:11:37 (3310 turns).

KennySheep the Sneak (Naga Earth Elementalist)      Turns: 3310, Time: 00:11:37

Health: 0/44       AC:  4    Str: 11    XL:     5   Next: 10%
Magic:  7/8        EV:  9    Int: 17    God:    Dithmenos [*.....]
Gold:   97         SH:  0    Dex: 11    Spells: 2/8 levels left

rFire   . . .      SeeInvis +    c - +1 dagger (vamp)
rCold   . . .      Faith    .    (no shield)
rNeg    . . .      Spirit   .    a - +0 robe
rPois   +          Reflect  .    (no helmet)
rElec   .          Harm     .    p - +0 cloak
rCorr   .          Rampage  .    h - +0 pair of gloves
Will    .....                    (no barding)
Stlth   +++.......               m - amulet of magic regeneration
HPRegen 0.14/turn                (no ring)
MPRegen 0.51/turn                (no ring)

@: wreathed by umbra, very slow
A: AC +1, large, see invisible, deformed body, poison resistance, slowness 2,
spit poison 1, naga tail 1
a: Spit Poison, Renounce Religion


You were on level 4 of the Dungeon.
You worshipped Dithmenos.
Dithmenos was aware of your devotion.
You visited 1 branch of the dungeon, and saw 4 of its levels.

You collected 97 gold pieces.

Inventory:

Hand Weapons
 c - a +1 vampiric dagger (weapon)
Armour
 a - a +0 robe (worn)
 h - a +0 pair of gloves (worn)
 p - a +0 cloak (worn)
Magical Staves
 n - a staff of death
Jewellery
 m - an amulet of magic regeneration (around neck)
 u - a ring of fire
Scrolls
 d - a scroll of magic mapping
 e - a scroll of butterflies
 f - 2 scrolls of blinking
 g - 4 scrolls of immolation {unknown}
 i - 4 scrolls of identify
 j - a scroll of teleportation
 l - a scroll of enchant weapon {unknown}
 q - a scroll of vulnerability {unknown}
 s - a scroll of amnesia {unknown}
Potions
 b - a potion of magic
 k - 3 potions of curing {unknown}
 o - a potion of lignification {unknown}
 r - a potion of ambrosia {unknown}
 t - 2 potions of might {unknown}


   Skills:
 + Level 1.0 Fighting
 + Level 1.5 Short Blades
 - Level 1.5 Dodging
 * Level 5.1 Stealth
 - Level 2.0 Spellcasting
 + Level 2.2 Transmutations
 + Level 3.6 Earth Magic


You had 2 spell levels left.
You knew the following spells:

 Your Spells              Type           Power      Damage    Failure   Level
a - Sandblast             Erth           28%        2d8       4%          1
b - Passwall              Tmut/Erth      9%         N/A       9%          2
c - Stone Arrow           Conj/Erth      14%        3d7       26%         3

Your spell library contained the following spells:

 Spells                   Type           Power      Damage    Failure   Level
 Ensorcelled Hibernation  Hex/Ice        2%         N/A       28%         2
 Spider Form              Tmut/Pois      5%         N/A       36%         3
 Frozen Ramparts          Ice            2%         1d1       50%         3
 Petrify                  Tmut/Erth      11%        N/A       50%         4
 Ice Form                 Ice/Tmut       5%         N/A       77%         4
 Anguish                  Hex/Necr       0%         N/A       88%         4
 Summon Ice Beast         Ice/Summ       1%         N/A       88%         4


Dungeon Overview and Level Annotations

Branches:
Dungeon (4/15)
 Temple: D:4-7

Altars:
Dithmenos


Innate Abilities, Weirdness & Mutations

Your serpentine skin is tough. (AC +1)
You have supernaturally acute eyesight. (SInv)
Armour fits poorly on your strangely shaped body.
Your system is resistant to poisons. (rPois)
You cover ground very slowly.
You can spit poison.
You have a snake-like lower body.


Message History

The ufetubus hits you but does no damage.
Sigmund mumbles some strange words.
Sigmund flickers and vanishes for a moment.
Aiming: Sandblast (safe; 4% risk of failure)
Press: ? - help, Q - select action, (/) - cycle Shift-Dir - straight line, f/p - Sigmund
Aim: Sigmund, wielding a +0 scythe and wearing a +0 robe (heavily wounded, slightly transparent, umbra, 80% to hit)
The blast of sand hits Sigmund.
Sigmund is severely wounded.
The ufetubus hits you. x2; The ufetubus barely misses you.
The ufetubus hits you. x2; The ufetubus barely misses you. x2
The ufetubus hits you but does no damage.
Sigmund barely misses you. The ufetubus hits you. The ufetubus misses you.
Aiming: Sandblast (safe; 4% risk of failure)
Press: ? - help, Q - select action, (/) - cycle Shift-Dir - straight line, f/p - Sigmund
Aim: Sigmund, wielding a +0 scythe and wearing a +0 robe (severely wounded, slightly transparent, umbra, 80% to hit)
The blast of sand hits Sigmund but does no damage.
Sigmund is severely wounded.
The ufetubus hits you. The ufetubus closely misses you. The ufetubus hits you.
The ufetubus barely misses you. x3; Sigmund hits you with a +0 scythe.
The ufetubus hits you. x2
* * * LOW HITPOINT WARNING * * *
The ufetubus hits you.
* * * LOW HITPOINT WARNING * * *
The ufetubus hits you.
* * * LOW HITPOINT WARNING * * *
Aiming: Sandblast (safe; 4% risk of failure)
Press: ? - help, Q - select action, (/) - cycle Shift-Dir - straight line, f/p - Sigmund
Aim: Sigmund, wielding a +0 scythe and wearing a +0 robe (severely wounded, slightly transparent, umbra, 80% to hit)
The blast of sand hits Sigmund!
You kill Sigmund!
Dithmenos accepts your kill.
The ufetubus hits you but does no damage.
The ufetubus hits you.
* * * LOW HITPOINT WARNING * * *
The ufetubus hits you but does no damage.
The ufetubus misses you. The ufetubus closely misses you.
The ufetubus barely misses you.
The ufetubus hits you but does no damage.
The ufetubus hits you.
You die...

..... ..... ...... # ##
P....[ .# #<
......#######.#### #.
.................# #.
.......).........# #.
.......@.........# #.
...#.#55.........# #.
#.#.O.........#.# #.
...............#.# #.
..#$#...........#.# #.
...............#.####.
).#.............#......
..#.....####.#+##.###..
##...........##.###..


You could see an ogre and 2 ufetubi.

Vanquished Creatures
  Sigmund (D:4)
  4 adders
  2 ufetubi (D:4)
  2 worms (D:3)
  A dart slug (D:1)
  An orc (D:3)
  9 endoplasms
  5 giant cockroaches
  7 goblins
  8 hobgoblins
  4 kobolds
  2 quokkas
  6 ball pythons
  4 bats
  5 frilled lizards
  7 rats
68 creatures vanquished.

Vanquished Creatures (others)
  2 demonic plants (D:4)
2 creatures vanquished.

Grand Total: 70 creatures vanquished

Notes
Turn   | Place    | Note
-------+----------+-------------------------------------------
     0 | D:1      | KennySheep the Naga Earth Elementalist began the quest for
                  | the Orb.
     0 | D:1      | Reached XP level 1. HP: 15/15 MP: 3/3
   111 | D:1      | Reached XP level 2. HP: 22/22 MP: 3/5
   537 | D:1      | Reached XP level 3. HP: 28/28 MP: 2/6
   990 | D:2      | Reached skill level 1 in Short Blades
  1061 | D:2      | Learned a level 2 spell: Passwall
  1065 | D:2      | Learned a level 3 spell: Stone Arrow
  1115 | D:2      | Reached skill level 4 in Stealth
  1444 | D:2      | Reached XP level 4. HP: 37/37 MP: 5/7
  1524 | D:2      | Found a faded altar of an unknown god.
  1617 | D:2      | Prayed at the altar of an unknown god.
  1617 | D:2      | Became a worshipper of Dithmenos the Shadowed
  1617 | D:2      | Reached * piety under Dithmenos
  3017 | D:3      | Reached skill level 1 in Fighting
  3017 | D:3      | Reached skill level 5 in Stealth
  3038 | D:3      | Reached XP level 5. HP: 44/44 MP: 8/8
  3299 | D:4      | Noticed Sigmund
  3306 | D:4      | Noticed an ogre
  3310 | D:4      | Killed Sigmund
  3310 | D:4      | Slain by an ufetubus

Illustrated notes

Levels and vault maps discovered:
D:1:      dpeg_arrival_simpleton_c, layout_basic, minmay_3d_cube
D:2:      layout_loops_ring, dreamdust_ecumenical_altar_statues
D:3:      layout_loops_cross, st_stairs_11
D:4:      layout_basic, serial_demonic, serial_demonic_e, serial_demonic_b,
          serial_demonic_b, serial_demonic_g, serial_demonic_c,
          serial_demonic_a, serial_demonic_a, serial_demonic_e,
          serial_demonic_b, serial_demonic_a, uniq_sigmund

Skill      XL: |  1  2  3  4 |
---------------+-------------+-----
Short Blades   | 1 |  1.5
Stealth        | 4 5 |  5.1
Transmutations | 2 |  2.2
Fighting       | 1 |  1.0
Dodging        | |  1.5
Spellcasting   | |  2.0
Earth Magic    | |  3.6

Action                   |  1- 3 |  4- 6 || total
-------------------------+-------+-------++-------
Melee: Dagger            |    35 |    99 ||   134
       Punch             |       |     1 ||     1
 Cast: Sandblast         |    52 |    18 ||    70
  Use: Scroll            |     4 |       ||     4
 Stab: Sleeping          |     1 |     7 ||     8
Armor: Robe              |    13 |    29 ||    42
Dodge: Dodged            |    19 |    69 ||    88

Table legend: (Time is in decaauts)
 A = Elapsed time spent in this place.
 B = Non-inter-level travel time spent in this place.
 C = Inter-level travel time spent in this place.
 D = Time resting spent in this place.
 E = Time spent auto-exploring this place.
 F = Levels seen in this place.
 G = Mean time per level.
                   A        B        C        D        E       F      G
               +--------+--------+--------+--------+--------+-----+--------+
         Total |   4013 |   3746 |    267 |    748 |   2350 |   4 | 1003.2 |
       Dungeon |   4013 |   3746 |    267 |    748 |   2350 |   4 | 1003.2 |
               +--------+--------+--------+--------+--------+-----+--------+

Top non-repeatable levels by time:
     D:3: 1371 daAuts
     D:2: 1205 daAuts
     D:1: 1178 daAuts
     D:4: 258 daAuts
